AoeStats
← erikasantos1455

Arabia

504650687Analyzed
3v3 RM · 26d ago on Sep 6, 2026· 85m 41s· 6 players
Game mode
Random Map
Map size
Normal (6 player)
Population
200
Speed
Normal
Resources
Standard
Victory
Conquest
Starting age
Dark Age
Ending age
Imperial Age
RankedLock teamsTeams togetherTeam positionsShared explorationLock speedFull tech treeHidden civsTurbo modeCheats
Victory
Defeat
🇨🇴 Cumans · Colombia
947
+30
🇨🇴 Chinese · Colombia
737
+18
🇨🇴 Spanish · Colombia
623
+23
🇮🇳 Inca · India
830
-19
🇺🇸 Vietnamese · United States
799
-17
🇺🇸 Bohemians · United States
741
-15
Ivan Felipe HD
4:57 Loom
13:14 Feudal Age
14:30 Wheelbarrow
13:41 Double-Bit Axe
13:43 Horse Collar
20:19 Bloodlines
25:39 Castle Age
23:55 Scale Barding Armor
25:55 Light Cavalry
26:36 Husbandry
26:37 Gold Mining
26:39 Stone Mining
27:00 Bow Saw
28:30 Chain Barding Armor
30:48 Caravan
31:57 Forging
32:06 Hand Cart
33:49 Fervor
35:24 Stone Shaft Mining
35:03 Heavy Plow
36:26 Iron Casting
40:15 Redemption
40:29 Sanctity
42:48 Imperial Age
42:15 Pikeman
42:59 Squires
42:44 Gambesons
44:50 Conscription
43:54 Elite Conquistador
44:39 Town Watch
46:02 Two-Man Saw
45:47 Plate Barding Armor
46:13 Blast Furnace
45:13 Scale Mail Armor
45:30 Cavalier
46:40 Halberdier
47:19 Hussar
49:21 Blast Furnace
49:04 Block Printing
49:16 Illumination
49:28 Theocracy
49:57 Hoardings
49:50 Padded Archer Armor
49:41 Fletching
51:27 Paladin
53:15 Inquisition
61:38 Town Patrol
62:30 Leather Archer Armor
62:10 Bodkin Arrow
62:16 Scale Mail Armor
64:37 Chemistry
63:57 Ballistics
63:49 Masonry
63:36 Murder Holes
63:53 Fortified Wall
63:31 Arrowslits
63:36 Guard Tower
63:26 Sappers
64:17 Supremacy
64:27 Devotion
66:12 Faith
70:19 Bombard Tower
70:30 Architecture
70:36 Keep
70:22 Thumb Ring
69:38 Elite Skirmisher
69:38 Heavy Cavalry Archer
71:28 Chain Mail Armor
71:43 Ring Archer Armor
71:14 Bracer
78:56 Plate Mail Armor
78:34 Atonement
78:56 Heresy
FDAGZ
0:32 Loom
9:34 Feudal Age
10:32 Double-Bit Axe
12:19 Horse Collar
15:56 Wheelbarrow
17:23 Fletching
22:58 Castle Age
24:01 Crossbowman
24:47 Thumb Ring
25:16 Hand Cart
26:03 Caravan
26:20 Bodkin Arrow
26:53 Gold Mining
27:18 Bow Saw
27:11 Heavy Plow
29:06 Town Watch
29:36 Padded Archer Armor
29:04 Pikeman
29:47 Squires
33:47 Imperial Age
32:12 Town Patrol
34:14 Ballistics
34:08 Masonry
34:23 Arbalester
35:50 Herbal Medicine
36:06 Fervor
36:29 Conscription
37:27 Leather Archer Armor
37:13 Bracer
39:03 Chemistry
40:12 Devotion
41:06 Ring Archer Armor
40:03 Elite Chu Ko Nu
41:47 Halberdier
42:12 Arson
43:35 Heavy Rocket Cart
45:32 Rocketry
45:45 Stone Mining
46:31 Gold Shaft Mining
49:21 Forging
49:12 Scale Mail Armor
erikasantos1455
1:34 Loom
25:25 Feudal Age
34:10 Castle Age
60:14 Imperial Age
60:20 Man-at-Arms
60:56 Elite Skirmisher
61:01 Crossbowman
61:47 Thumb Ring
63:04 Heavy Cavalry Archer
64:10 Parthian Tactics
67:40 Man-at-Arms
airborne64
6:28 Loom
11:11 Feudal Age
11:42 Man-at-Arms
12:21 Double-Bit Axe
16:10 Wheelbarrow
18:16 Horse Collar
20:12 Fletching
27:11 Castle Age
25:33 Gold Mining
26:14 Forging
26:05 Scale Mail Armor
26:31 Stone Mining
26:51 Arson
30:02 Bow Saw
33:23 Squires
33:47 Heavy Plow
35:35 Hand Cart
35:47 Bodkin Arrow
39:10 Iron Casting
40:34 Chain Mail Armor
41:52 Thumb Ring
42:39 Town Watch
43:30 Padded Archer Armor
47:44 Imperial Age
46:44 Leather Archer Armor
52:16 Bracer
54:05 Ring Archer Armor
67:20 Bloodlines
68:16 Chatras
68:42 Husbandry
68:34 Light Cavalry
72:56 Plate Mail Armor
72:40 Elite Skirmisher
73:39 Imperial Skirmisher
74:36 Town Patrol
75:36 Elite Fire Lancer
79:46 Paper Money
PhilCollinsLive
10:56 Feudal Age
16:28 Castle Age
14:31 Double-Bit Axe
14:54 Horse Collar
17:44 Wheelbarrow
20:47 Loom
31:19 Imperial Age
30:06 Hand Cart
31:12 Squires
30:43 Light Cavalry
31:28 Husbandry
33:45 Wagenburg Tactics
34:02 Conscription
39:35 Chemistry
39:41 Scale Barding Armor
39:47 Forging
41:37 Chain Barding Armor
41:53 Iron Casting
42:30 Pikeman
43:11 Squires
47:39 Murder Holes
48:06 Ballistics
49:08 Bow Saw
49:46 Scale Mail Armor
50:48 Blast Furnace
49:39 Fletching
51:56 Two-Man Saw
51:38 Chain Mail Armor
52:54 Halberdier
54:09 Plate Mail Armor
53:35 Bodkin Arrow
58:40 Masonry
63:06 Elite Hussite Wagon
DreamedEagle635
0:28 Loom
13:46 Feudal Age
22:09 Castle Age
20:26 Double-Bit Axe
20:25 Horse Collar
21:08 Fletching
22:43 Pikeman
Connection lost

Rejoining the realm…

Still unreachable

The connection could not be restored.

Session expired

The server has moved on; the page needs a fresh start.